 Dungeon Crawl Stone Soup version 0.18.1-6-gd335043 (webtiles) character file.

114 protoss039 the Covered (level 4, 0/41 HPs)
             Began as a Minotaur Fighter on May 15, 2016.
             Was a Follower of Cheibriados.
             Killed from afar by Natasha (12 damage)
             ... with a wand of flame
             ... on level 3 of the Dungeon.
             The game lasted 00:07:48 (1906 turns).

protoss039 the Covered (Minotaur Fighter)           Turns: 1906, Time: 00:07:49

Health: 0/41       AC:  8    Str: 30    XL:     4   Next: 67%
Magic:  3/3        EV:  9    Int:  8    God:    Cheibriados [*.....]
Gold:   159        SH: 10    Dex: 12    Spells: 0 memorised, 3 levels left

rFire  . . .     SeeInvis .     a - +0 flail
rCold  . . .     Gourm    .     b - +0 scale mail
rNeg   . . .     Faith    .     c - +0 shield
rPois  .         Spirit   .     (helmet restricted)
rElec  .         Dismiss  .     (no cloak)
rCorr  .         Reflect  .     (no gloves)
SustAt +         Harm     .     n - +0 pair of boots
MR     .....                    (no amulet)
Stlth  ..........               k - ring of sustain attributes
                                s - ring of flight

@: mighty, slowed, very slow, not resistant to hostile enchantments, extremely
unstealthy
A: retaliatory headbutt, horns 2
a: Bend Time, Renounce Religion, Evoke Flight


You were on level 3 of the Dungeon.
You worshipped Cheibriados.
Cheibriados was aware of your devotion.
You were not hungry.

You visited 1 branch of the dungeon, and saw 3 of its levels.

You collected 159 gold pieces.

Inventory:

Hand Weapons
 a - a +0 flail (weapon)
Armour
 b - a +0 scale mail (worn)
 c - a +0 shield (worn)
 n - a +0 pair of boots (worn)
Jewellery
 k - a ring of sustain attributes (right hand)
 s - a ring of flight (left hand)
Potions
 h - a potion of curing {unknown}
 j - a potion of cancellation {unknown}
 l - a potion of flight {unknown}
 q - a potion of magic {unknown}
 r - a potion of heal wounds {unknown}
Comestibles
 f - 2 bread rations
 i - 5 chunks of flesh
 p - a meat ration
 t - a beef jerky


   Skills:
 + Level 4.3 Fighting
 + Level 3.1 Maces & Flails
 + Level 4.7 Armour
 + Level 1.8 Dodging
 + Level 4.2 Shields


You had 3 spell levels left.
You didn't know any spells.

Dungeon Overview and Level Annotations

Branches:
Dungeon (3/15)

Altars:
Cheibriados
Kikubaaqudgha
Qazlal

Annotations:
D:3 Natasha


Innate Abilities, Weirdness & Mutations

You reflexively headbutt those who attack you in melee.
You have a pair of horns on your head.


Message History

You butcher the felid corpse of Natasha.
Natasha hisses angrily.
Natasha casts a spell at you.
You feel yourself slow down.
You see here 2 chunks of flesh.
i - 5 chunks of flesh (gained 2) Natasha stares at you and mumbles some strange words.
The magic dart hits you! Natasha casts a spell at you.
You feel as though you will be slow longer.
Natasha zaps a wand.
The puff of flame hits you!
It is a wand of flame.
Natasha zaps a wand.
The puff of flame hits you!
Natasha zaps a wand.
The puff of flame hits you!
Natasha zaps a wand.
The puff of flame hits you!
* * * LOW HITPOINT WARNING * * *
You see here a bread ration.
f - 2 bread rations (gained 1)
You feel very mighty all of a sudden.
Natasha zaps a wand.
The puff of flame hits you!
You die...

...# ...
##########.#+#.
#......<....... ##
#........##....
...#........##....
#................
##.....####...#
#.@....h......
#................
...................
...........######.
..........##
..####....# .
#..#.# #....#


You could see Natasha.

Vanquished Creatures
  Natasha (D:3)
  An adder (D:2)
  2 gnolls (D:1)
  A worm (D:2)
  3 dart slugs
  3 giant geckos (D:1)
  4 giant cockroaches
  3 goblins
  3 hobgoblins
  4 jackals (D:2)
  8 kobolds
  A ball python (D:2)
  5 bats (D:2)
  3 giant newts (D:2)
  9 rats
51 creatures vanquished.

Notes
Turn   | Place    | Note
--------------------------------------------------------------
     0 | D:1      | protoss039 the Minotaur Fighter began the quest for the Orb.
     0 | D:1      | Reached XP level 1. HP: 19/19 MP: 0/0
   131 | D:1      | Reached XP level 2. HP: 8/27 MP: 1/1
   665 | D:1      | Reached XP level 3. HP: 33/33 MP: 2/2
  1015 | D:2      | Found a snail-covered altar of Cheibriados.
  1037 | D:2      | Became a worshipper of Cheibriados the Contemplative
  1176 | D:2      | Reached skill level 1 in Dodging
  1248 | D:2      | Reached * piety under Cheibriados
  1387 | D:2      | Reached XP level 4. HP: 40/40 MP: 3/3
  1688 | D:2      | Found a stormy altar of Qazlal.
  1688 | D:2      | Found an ancient bone altar of Kikubaaqudgha.
  1850 | D:3      | Noticed Natasha
  1856 | D:3      | Killed Natasha
  1900 | D:3      | Noticed Natasha
  1906 | D:3      | Killed from afar by Natasha

Skill      XL: |  1  2  3  4 |
---------------+-------------+-----
Armour         | 4 |  4.7
Fighting       | 4 |  4.3
Shields        | 4 |  4.2
Dodging        | 1 |  1.8
Maces & Flails | 3 |  3.1

Action                   |  1- 3 |  4- 6 || total
-------------------------+-------+-------++-------
Melee: Flail             |   108 |    46 ||   154
       Headbutt          |    12 |     6 ||    18
  Use: Scroll            |       |     2 ||     2
       Potion            |       |     1 ||     1
  Eat: Chunk             |     2 |       ||     2
Armor: Scale mail        |    71 |    18 ||    89
Dodge: Dodged            |    40 |     5 ||    45
Block: Shield            |    68 |    21 ||    89
